 Dungeon Crawl Stone Soup version 0.31-a0-819-gf6de2f5ab6 (webtiles) character file.

Game seed: 1115344979698375000

8188 Bravepunisher the Pandemonic (level 11, -1/59 HPs)
             Began as a Spriggan Monk on Sept 23, 2023.
             Was a High Priest of Makhleb.
             Slain by a komodo dragon (31 damage)
             ... on level 1 of the Lair of Beasts.
             The game lasted 00:35:55 (9675 turns).

Bravepunisher the Pandemonic (Spriggan Monk)        Turns: 9675, Time: 00:36:07

Health: -1/59      AC:  4    Str:  7    XL:     11   Next: 6%
Magic:  21/21      EV: 27    Int: 13    God:    Makhleb [*****.]
Gold:   613        SH:  0    Dex: 21    Spells: 10/10 levels left

rFire   . . .        z - +4 trident (freeze)
rCold   + . .        (shield currently unavailable)
rNeg    . . .        u - +2 robe {Will+}
rPois   +            (helmet restricted)
rElec   .            v - scarf {harm}
rCorr   .            (gloves unavailable)
SInv    +            (boots unavailable)
Will    +++..        y - amulet of the acrobat
Stlth   ++           a - ring of willpower
HPRegen 0.29/turn    (no ring)
MPRegen 0.17/turn

%: harm (+30% outgoing, +20% incoming), acrobat
@: very quick
A: very small, no large weapons, unfitting armour, see invisible, speed 3, horns
1, cold resistance 1, poison resistance
a: Renounce Religion, Minor Destruction, Lesser Servant of Makhleb, Major
Destruction, Greater Servant of Makhleb


You were on level 1 of the Lair of Beasts.
You worshipped Makhleb.
Makhleb was extremely pleased with you.
You visited 3 branches of the dungeon, and saw 12 of its levels.

You collected 613 gold pieces.

Inventory:

Hand Weapons
 z - a +4 trident of freezing (weapon)
Missiles
 k - 8 throwing nets
Armour
 u - a +2 robe of willpower (worn)
 v - a scarf of harm (worn)
Jewellery
 a - a ring of willpower (left hand)
 y - an amulet of the acrobat (around neck)
Wands
 h - a wand of iceblast (6)
 B - a wand of light (2)
Scrolls
 d - 2 scrolls of identify
 f - 3 scrolls of fear
 l - 4 scrolls of teleportation {unknown}
 m - 2 scrolls of immolation {unknown}
 n - 2 scrolls of revelation {unknown}
 q - 2 scrolls of enchant weapon {unknown}
Potions
 b - 2 potions of haste
 c - 2 potions of cancellation
 e - a potion of might
 j - a potion of enlightenment
 o - a potion of degeneration
 p - 3 potions of mutation
 r - 5 potions of curing
 s - a potion of brilliance


   Skills:
 + Level 7.7 Fighting
 - Level 3.2 Short Blades
 + Level 11.9 Dodging
 * Level 12.0 Invocations


You had 10 spell levels left.
You didn't know any spells.
Your spell library contained the following spells:

 Spells                   Type           Power      Damage    Failure   Level
 Freeze                   Ice            0%         1d3       30%         1
 Sandblast                Erth           0%         2d4       30%         1
 Blink                    Tloc           0%         N/A       43%         2
 Ensorcelled Hibernation  Hex/Ice        0%         N/A       43%         2
 Jinxbite                 Hex            0%         N/A       43%         2
 Lesser Beckoning         Tloc           0%         N/A       43%         2
 Momentum Strike          Conj/Tloc      0%         3d8       43%         2
 Passwall                 Tmut/Erth      0%         N/A       43%         2
 Frozen Ramparts          Ice            0%         1d1       67%         3
 Gell's Gravitas          Tloc           0%         N/A       67%         3
 Hailstorm                Conj/Ice       0%         3d3       67%         3
 Stone Arrow              Conj/Erth      0%         3d7       67%         3
 Teleport Other           Tloc           0%         N/A       67%         3
 Anguish                  Hex/Necr       0%         N/A       97%         4
 Brom's Barrelling Bould  Conj/Erth      0%         2d3       97%         4
 Manifold Assault         Tloc           0%         N/A       97%         4
 Dispersal                Tloc           0%         N/A       100%        6
 Disjunction              Tloc           0%         N/A       100%        8


Dungeon Overview and Level Annotations

Branches:
Dungeon (10/15)            Temple (1/1) D:4            Lair (1/5) D:8
    Orc (0/2) D:9

Altars:
Ashenzari
Cheibriados
Dithmenos
Fedhas
Gozag
Hepliaklqana
Makhleb
Nemelex Xobeh
Okawaru
Qazlal
Ru
Sif Muna
Trog
Uskayaw
Vehumet
Wu Jian
Xom
Yredelemnul
Zin
The Shining One

Shops:
D:4 :   D:5 !   D:9 :[

Portals:
Bailey: D:7

Annotations:
D:7 1 exclusion, Maggie
D:10 Erolcha


Innate Abilities, Weirdness & Mutations

You are very small and have problems with some larger weapons.
You are too small for most types of armour.
You have supernaturally acute eyesight. (SInv)
You cover ground extremely quickly. (Speed+++)
You have a pair of small horns on your head.
Your flesh is cold resistant. (rC+)
Your system is resistant to poisons. (rPois)


Message History

The komodo dragon is lightly wounded.
Aiming: Minor Destruction (0% risk of failure)
Press: ? - help, Shift-Dir - straight line, f/p - komodo dragon
Aim: a komodo dragon (lightly wounded)
The puff of flame hits the komodo dragon.
The komodo dragon is lightly wounded.
Unknown command.
Aiming: Minor Destruction (0% risk of failure)
Press: ? - help, Shift-Dir - straight line, f/p - komodo dragon
Aim: a komodo dragon (lightly wounded)
The glob of acid misses the komodo dragon.
The komodo dragon closely misses you.
You hit the komodo dragon but do no damage.
The komodo dragon is lightly wounded.
The komodo dragon completely misses you.
You hit the komodo dragon.
The komodo dragon seems to slow down.
You freeze the komodo dragon.
The komodo dragon is lightly wounded.
The komodo dragon misses you.
You hit the komodo dragon.
The komodo dragon seems to slow down.
You freeze the komodo dragon.
You headbutt the komodo dragon, but do no damage.
The komodo dragon is moderately wounded.
The komodo dragon bites you!!
Aiming: Minor Destruction (0% risk of failure)
Press: ? - help, Shift-Dir - straight line, f/p - komodo dragon
Aim: a komodo dragon (moderately wounded, slow)
The komodo dragon writhes in agony!
Aiming: Minor Destruction (0% risk of failure)
Press: ? - help, Shift-Dir - straight line, f/p - komodo dragon
Aim: a komodo dragon (heavily wounded, slow)
The puff of flame hits the komodo dragon but does no damage.
The komodo dragon is heavily wounded.
Aiming: Minor Destruction (0% risk of failure)
Press: ? - help, Shift-Dir - straight line, f/p - komodo dragon
Aim: a komodo dragon (heavily wounded, slow)
The stone arrow misses the komodo dragon.
The komodo dragon bites you!!
Ouch! That really hurt!
You die...

.PPP.P...P#..##
...#..####..#
#..♣♣♣♣♣♣.# #.
##........#
#...##.♣♣♣♣♣♣##
PP.....>..#


PPPPPP.#..# PPPPP#.#P.## PPPPP..##@.# P..PP.. #l## P.P PP. #.# .PPPPP.#..P#
.....# .......# .P.......# .........# .........P You could see a komodo dragon
(slow).

Vanquished Creatures
  2 two-headed ogres (D:9)
  Amaemon (D:8)
  A cane toad (Lair:1)
  Grinder (D:6)
  A shadow (D:9)
  A wyvern (D:9)
  3 water moccasins
  Duvessa (D:6)
  6 orc warriors
  3 black bears
  2 ice beasts
  A sky beast (D:8)
  4 centaurs
  2 kobold brigands (D:9)
  A gnoll sergeant (D:5)
  4 bullfrogs
  2 scorpions
  9 wights (D:8)
  Dowan (D:6)
  5 killer bees (D:7)
  A howler monkey (D:8)
  8 hounds
  3 jellies
  3 orc priests
  4 gnoll boudas
  Natasha (thrice) (D:3)
  4 iguanas
  10 orc wizards
  17 gnolls
  6 adders
  A river rat (D:5)
  A white imp (D:7)
  A worm (D:4)
  4 dart slugs
  29 orcs
  6 bats
  8 endoplasms
  5 giant cockroaches
  6 goblins
  9 hobgoblins
  10 jackals
  4 quokkas
  10 ball pythons
  A frilled lizard (D:1)
  11 kobolds
  7 rats
223 creatures vanquished.

Vanquished Creatures (collateral kills)
  Joseph (D:7)
  An orange demon (D:8)
  Jeremiah (D:8)
  An ice beast (D:6)
  A wolf (D:5)
  A centaur (D:8)
  A howler monkey (D:7)
  An orc wizard (D:5)
  2 gnolls
  A white imp (D:7)
  4 orcs
15 creatures vanquished.

Grand Total: 238 creatures vanquished

Notes
Turn   | Place    | Note
-------+----------+-------------------------------------------
     0 | D:1      | Bravepunisher the Spriggan Monk began the quest for the
                  | Orb.
     0 | D:1      | Reached XP level 1. HP: 11/11 MP: 2/2
   138 | D:5      | Entered Level 5 of the Dungeon
   138 | D:5      | Noticed a centaur
   185 | D:4      | Found a staircase to the Ecumenical Temple.
   191 | D:4      | Noticed a scorpion
   231 | Temple   | Entered the Ecumenical Temple
   239 | Temple   | Became a worshipper of Makhleb the Destroyer
   239 | Temple   | Reached * piety under Makhleb
   239 | Temple   | Reached ** piety under Makhleb
   301 | D:2      | Reached XP level 2. HP: 16/16 MP: 3/3
   498 | D:1      | Found a faded altar of an unknown god.
   508 | D:1      | Got a peculiar book
   647 | D:1      | Reached skill level 1 in Invocations
  1245 | D:1      | Reached XP level 3. HP: 18/19 MP: 4/4
  1705 | D:2      | Reached *** piety under Makhleb
  1817 | D:3      | Noticed Natasha
  1945 | D:3      | Reached skill level 2 in Invocations
  1949 | D:3      | Killed Natasha
  1950 | D:3      | Reached XP level 4. HP: 23/24 MP: 6/6
  2007 | D:3      | Noticed Natasha
  2013 | D:3      | Killed Natasha
  2014 | D:3      | Reached skill level 5 in Dodging
  2091 | D:3      | Noticed Natasha
  2101 | D:3      | Killed Natasha
  2102 | D:3      | Reached skill level 3 in Invocations
  2102 | D:3      | Reached XP level 5. HP: 24/28 MP: 8/8
  2536 | D:4      | Noticed a black bear
  2547 | D:4      | Killed a black bear
  2548 | D:4      | Reached skill level 4 in Invocations
  2548 | D:4      | Reached XP level 6. HP: 20/33 MP: 8/10
  2642 | D:4      | Found Nuer's Self-Published Books.
  2903 | D:4      | Found a broken altar of Ashenzari.
  3140 | D:5      | Gained mutation: Your system is resistant to poisons.
                  | (rPois) [potion of mutation]
  3140 | D:5      | Gained mutation: You have a pair of small horns on your
                  | head. [potion of mutation]
  3140 | D:5      | Gained mutation: Your flesh is cold resistant. (rC+)
                  | [potion of mutation]
  3483 | D:5      | Reached XP level 7. HP: 15/37 MP: 11/11
  3503 | D:5      | Reached skill level 5 in Invocations
  3985 | D:5      | Reached **** piety under Makhleb
  4148 | D:5      | Reached skill level 6 in Invocations
  4513 | D:5      | Found Esekuot's Distillery.
  4550 | D:5      | Reached XP level 8. HP: 41/42 MP: 13/13
  4920 | D:6      | Reached skill level 5 in Fighting
  4948 | D:6      | Reached skill level 7 in Invocations
  5068 | D:6      | Noticed Grinder
  5308 | D:6      | Reached skill level 8 in Invocations
  5345 | D:6      | Noticed Duvessa
  5350 | D:6      | Noticed Dowan
  5361 | D:6      | Killed Duvessa
  5366 | D:6      | Killed Dowan
  5367 | D:6      | Reached XP level 9. HP: 35/47 MP: 16/16
  5462 | D:6      | Killed Grinder
  5763 | D:7      | Noticed Joseph
  5809 | D:7      | Killed Joseph
  5999 | D:7      | Found a basalt altar of Yredelemnul.
  6067 | D:7      | Reached skill level 9 in Invocations
  6175 | D:7      | Noticed Maggie
  6643 | D:7      | Found a flagged portal.
  6649 | D:7      | Reached ***** piety under Makhleb
  6945 | D:8      | Reached skill level 10 in Dodging
  6973 | D:8      | Found a sparkling altar of Nemelex Xobeh.
  7173 | D:8      | Reached skill level 10 in Invocations
  7316 | D:8      | Noticed an orange demon
  7317 | D:8      | Noticed Amaemon
  7354 | D:8      | Killed Amaemon
  7355 | D:8      | Reached XP level 10. HP: 39/53 MP: 18/18
  7355 | D:8      | Killed an orange demon
  7542 | D:8      | Noticed Jeremiah
  7566 | D:8      | Killed Jeremiah
  7676 | D:8      | Found a bloodstained altar of Trog.
  7824 | D:8      | Found a staircase to the Lair.
  7893 | D:8      | Found a hide-covered altar of Uskayaw.
  8041 | D:9      | Reached skill level 11 in Invocations
  8117 | D:9      | Found Dasuwag's Book Shoppe.
  8140 | D:9      | Noticed a two-headed ogre
  8153 | D:9      | Killed a two-headed ogre
  8565 | D:9      | Noticed a two-headed ogre
  8578 | D:9      | Killed a two-headed ogre
  8640 | D:9      | Found a staircase to the Orcish Mines.
  8881 | D:9      | Found a shimmering blue altar of Sif Muna.
  8984 | D:9      | Found Xofeitua's Antique Armour Shop.
  9169 | D:9      | Reached XP level 11. HP: 58/59 MP: 20/20
  9277 | D:10     | Entered Level 10 of the Dungeon
  9410 | D:10     | Noticed Erolcha
  9554 | Lair:1   | Entered Level 1 of the Lair of Beasts
  9574 | Lair:1   | Reached skill level 12 in Invocations
  9675 | Lair:1   | Slain by a komodo dragon

Illustrated notes

Levels and vault maps discovered:
D:1:      nzn_arrival_water_spiral, layout_loops_corners,
          shapermc_ecumenical_altar_rom_forum, grunt_decor_mini_mirrors
D:2:      layout_rooms
D:3:      layout_rooms, uniq_natasha
D:4:      layout_loops_ring, general_overflow_altar, minmay_temple_entry_hall,
          nicolae_custom_books
D:5:      layout_cave_pools, serial_gnoll_camp, gnoll_camp_mini_house,
          gnoll_camp_mini_shop, gnoll_camp_mini_basic, gnoll_camp_medium_02,
          portal_sewer_entry_a, minmay_starry_boxes
D:6:      layout_cave_pools, uniq_grinder, uniq_duvessa
D:7:      layout_loops_cross, mainiacjoe_overflow_brackets, enter_bailey_4,
          uniq_joseph, uniq_maggie
D:8:      layout_loops_cross, nemelex_spade_bored_becter,
          mainiacjoe_overflow_surrounded_room,
          mainiacjoe_overflow_concentric_impassable, uniq_jeremiah, uniq_amaemon
D:9:      layout_gridville, kennysheep_orc_sif_temple, orc_0_dummy,
          serial_shops, nicolae_stop_n_shop_2, shop, serial_park_tiny_2
D:10:     layout_stronghold, kennysheep_mini_moat, old_standard_altar,
          uniq_maurice, uniq_grum, uniq_erolcha
Temple:   nicolae_temple_two_arcs
Lair:1:   layout_loops_ring, serial_forest, infiniplex_forest_fountain,
          infiniplex_forest_end_double, infiniplex_forest_clump_small,
          infiniplex_forest_clump_large, infiniplex_forest_fountain,
          infiniplex_forest_lined_corner, infiniplex_forest_clump_curved,
          infiniplex_forest_clump_diagonal, infiniplex_forest_straight_2,
          grunt_forest_large_clearing_hut, lemuel_fruit_fields,
          lemuel_fruit_tree, uniq_gastronok

Skill      XL: |  1  2  3  4  5  6  7  8  9 10 11 |
---------------+----------------------------------+-----
Invocations    | 1 2 3 4 6 8 10 11 12 | 12.0
Fighting       | 3 4 5 6 7 |  7.7
Dodging        | 5 6 7 8 10 11 | 11.9
Short Blades   | |  3.2

Action                     |  1- 3 |  4- 6 |  7- 9 | 10-12 || total
---------------------------+-------+-------+-------+-------++-------
  Melee: Short sword       |    55 |     6 |    21 |       ||    82
         Headbutt          |       |       |    18 |    11 ||    29
         Rapier            |       |       |    21 |       ||    21
         Trident           |       |       |    17 |    58 ||    75
 Invoke: Minor Destruction |    71 |   116 |   330 |   134 ||   651
         Lesser Servant of |       |     1 |     6 |       ||     7
  Evoke: Wand              |       |       |     2 |       ||     2
    Use: Potion            |       |     4 |     2 |       ||     6
         Scroll            |       |     2 |       |    10 ||    12
   Stab: Sleeping          |     1 |       |       |       ||     1
 Armour: Robe              |    15 |    18 |    53 |    33 ||   119
  Dodge: Dodged            |    40 |    71 |   201 |   132 ||   444

Table legend: (Time is in decaauts)
 A = Elapsed time spent in this place.
 B = Non-inter-level travel time spent in this place.
 C = Inter-level travel time spent in this place.
 D = Time resting spent in this place.
 E = Time spent auto-exploring this place.
 F = Levels seen in this place.
 G = Mean time per level.
                   A        B        C        D        E       F      G
               +--------+--------+--------+--------+--------+-----+--------+
         Total |   7199 |   6802 |    397 |    650 |   4451 |  12 |  599.9 |
       Dungeon |   7078 |   6686 |    392 |    650 |   4384 |  10 |  707.8 |
        Temple |     11 |      7 |      4 |      0 |      0 |   1 |   11.0 |
          Lair |    110 |    110 |      0 |      0 |     67 |   1 |  110.0 |
               +--------+--------+--------+--------+--------+-----+--------+

Top non-repeatable levels by time:
     D:5: 1114 daAuts
     D:4: 1055 daAuts
     D:8: 967 daAuts
     D:9: 948 daAuts
     D:6: 738 daAuts
     D:7: 680 daAuts
     D:1: 653 daAuts
     D:2: 441 daAuts
     D:3: 332 daAuts
    D:10: 145 daAuts
  Lair:1: 110 daAuts
  Temple: 11 daAuts
